ORI
LOUISIANA STATE UNIVERSITY TIGERS @ UNIVERSITY OF CONNETICUT HUSKIES
09/11/2047
 
TOP OF THE 1ST
Louisiana State University Tigers batting - Pitching for University of Conneticut Huskies : RHP Danny Velasquez
Pitching: RHP Danny Velasquez
Batting: RHB Winston Vasquez 0-0: Ball
1-0: Called Strike
1-1: Foul Ball, location: 2F
1-2: Strikes out looking
Batting: LHB Elijah Mallandain 0-0: Swinging Strike
0-1: Foul Ball, location: 2F
0-2: Ball
1-2: Foul Ball, location: 2F
1-2: Fly out, F9 (Flyball, 9D, EV 105.0 MPH)
Batting: LHB Manny Grado 0-0: Ball
1-0: Fly out, F8 (Flyball, 8LD, EV 101.2 MPH)
Top of the 1st over - 0 runs, 0 hits, 0 errors, 0 left on base; Louisiana State University 0 - University of Conneticut 0
BOTTOM OF THE 1ST
University of Conneticut Huskies batting - Pitching for Louisiana State University Tigers : RHP D.J. Ganz
Pitching: RHP D.J. Ganz
Batting: RHB Jordan Nicholas 0-0: Ball
1-0: Ball
2-0: Called Strike
2-1: Called Strike
2-2: Foul Ball, location: 2F
2-2: Ball
3-2: Ground out 4-3 (Groundball, 4, EV 78.8 MPH)
Batting: LHB Greg James 0-0: Swinging Strike
0-1: Ball
1-1: Ball
2-1: Ball
3-1: Foul Ball, location: 2F
3-2: Strikes out swinging
Batting: LHB Hector Acosta 0-0: Ball
1-0: Called Strike
1-1: Ball
2-1: Ball
3-1: Called Strike
3-2: Strikes out swinging
Bottom of the 1st over - 0 runs, 0 hits, 0 errors, 0 left on base; Louisiana State University 0 - University of Conneticut 0
TOP OF THE 2ND
Louisiana State University Tigers batting - Pitching for University of Conneticut Huskies : RHP Danny Velasquez
Batting: RHB Leo Roldan 0-0: Foul Ball, location: 2F
0-1: Foul Ball, location: 2F
0-2: Strikes out swinging
Batting: LHB Matt Ellington 0-0: Called Strike
0-1: Ground out 5-3 (Groundball, 56S, EV 88.8 MPH)
Batting: SHB Brian Caruso 0-0: Swinging Strike
0-1: Ball
1-1: Called Strike
1-2: Ball
2-2: Strikes out swinging
Top of the 2nd over - 0 runs, 0 hits, 0 errors, 0 left on base; Louisiana State University 0 - University of Conneticut 0
BOTTOM OF THE 2ND
University of Conneticut Huskies batting - Pitching for Louisiana State University Tigers : RHP D.J. Ganz
Batting: LHB Andrew Barzee 0-0: Ball
1-0: Ball
2-0: Ball
3-0: Base on Balls
Batting: RHB Victor Ramos 0-0: Called Strike
0-1: Fielders Choice at 2nd, 5-4 (Groundball, 56, EV 106.2 MPH)
Batting: RHB Cullen Elliott 0-0: Called Strike
0-1: Foul Ball, location: 2F
0-2: Ball
1-2: Foul Ball, location: 2F
1-2: DOUBLE (Groundball, 5L, EV 104.4 MPH)
Victor Ramos to third
Runner from 3rd tries for Home, SAFE, throw by LF to home
Batting: RHB Matthew Lanford 0-0: Ball
1-0: Foul Ball, location: 2F
1-1: Reached on error, E5 (Groundball, 56S, EV 78.8 MPH)
Cullen Elliott to third
Batting: LHB Omar Alba 0-0: Ball
1-0: Grounds into double play, 6-4-3 (Groundball, 6S, EV 88.8 MPH)
Bottom of the 2nd over - 1 run, 1 hit, 1 error, 1 left on base; Louisiana State University 0 - University of Conneticut 1
TOP OF THE 3RD
Louisiana State University Tigers batting - Pitching for University of Conneticut Huskies : RHP Danny Velasquez
Batting: RHB Byung-hee Jee 0-0: Swinging Strike
0-1: Ball
1-1: Ball
2-1: Foul Ball, location: 2F
2-2: Strikes out swinging
Batting: RHB D.J. Ganz 0-0: Fly out, F8 (Flyball, 78D, EV 77.5 MPH)
Batting: LHB Jon Valdez 0-0: Ball
1-0: Called Strike
1-1: Called Strike
1-2: Strikes out swinging
Top of the 3rd over - 0 runs, 0 hits, 0 errors, 0 left on base; Louisiana State University 0 - University of Conneticut 1
BOTTOM OF THE 3RD
University of Conneticut Huskies batting - Pitching for Louisiana State University Tigers : RHP D.J. Ganz
Batting: RHB Jack Vokey 0-0: Ball
1-0: Foul Ball, location: 2F
1-1: Fly out, F9 (Flyball, 9LM, EV 85.0 MPH)
Batting: RHB Jordan Nicholas 0-0: Called Strike
0-1: Fly out, F4 (Popup, 3D, EV 48.8 MPH)
Batting: LHB Greg James 0-0: Called Strike
0-1: Ball
1-1: SINGLE (Line Drive, 34D, EV 102.5 MPH)
Batting: LHB Hector Acosta 0-0: Ball
1-0: Ball
2-0: Called Strike
2-1: Ball
3-1: Fly out, F7 (Flyball, 78S, EV 78.1 MPH)
Bottom of the 3rd over - 0 runs, 1 hit, 0 errors, 1 left on base; Louisiana State University 0 - University of Conneticut 1
TOP OF THE 4TH
Louisiana State University Tigers batting - Pitching for University of Conneticut Huskies : RHP Danny Velasquez
Batting: RHB Winston Vasquez 0-0: Ball
1-0: Foul Ball, location: 2F
1-1: Ball
2-1: Swinging Strike
2-2: Strikes out swinging
Batting: LHB Elijah Mallandain 0-0: Called Strike
0-1: DOUBLE (Line Drive, 9LM, EV 110.6 MPH)
Batting: LHB Manny Grado 0-0: Called Strike
0-1: Foul Ball, location: 2F
0-2: Foul Ball, location: 2F
0-2: Strikes out swinging
Batting: RHB Leo Roldan 0-0: Foul Ball, location: 2F
0-1: Foul Ball, location: 2F
0-2: Ball
1-2: DOUBLE (Flyball, 78D, EV 91.9 MPH)
Elijah Mallandain scores
Batting: LHB Matt Ellington 0-0: Ball
1-0: Ball
2-0: Ball
3-0: Called Strike
3-1: Foul Ball, location: 2F
3-2: Foul Ball, location: 2F
3-2: Fly out, F9 (Flyball, 9, EV 81.9 MPH)
Top of the 4th over - 1 run, 2 hits, 0 errors, 1 left on base; Louisiana State University 1 - University of Conneticut 1
BOTTOM OF THE 4TH
University of Conneticut Huskies batting - Pitching for Louisiana State University Tigers : RHP D.J. Ganz
Batting: LHB Andrew Barzee 0-0: TRIPLE (Flyball, 89XD, EV 99.4 MPH)
Batting: RHB Victor Ramos 0-0: Called Strike
0-1: Foul Ball, location: 2F
0-2: Foul Ball, location: 2F
0-2: Foul Ball, location: 2F
0-2: Strikes out swinging
Batting: RHB Cullen Elliott 0-0: Ball
1-0: Ball
2-0: Ball
3-0: Called Strike
3-1: Ground out 6-3 (Groundball, 6, EV 81.2 MPH)
Andrew Barzee scores
Batting: RHB Matthew Lanford 0-0: Called Strike
0-1: Ball
1-1: Fly out, F8 (Flyball, 8RD, EV 85.0 MPH)
Bottom of the 4th over - 1 run, 1 hit, 0 errors, 0 left on base; Louisiana State University 1 - University of Conneticut 2
TOP OF THE 5TH
Louisiana State University Tigers batting - Pitching for University of Conneticut Huskies : RHP Danny Velasquez
Batting: SHB Brian Caruso 0-0: Ball
1-0: Foul Ball, location: 2F
1-1: Ball
2-1: Swinging Strike
2-2: Ball
3-2: SINGLE (Groundball, 25, EV 64.4 MPH) (infield hit)
Batting: RHB Byung-hee Jee 0-0: Ball
1-0: Called Strike
1-1: Fly out, F8 (Flyball, 8LM, EV 90.0 MPH)
Batting: RHB D.J. Ganz 0-0: Fly out, F8 (Line Drive, 8RD, EV 111.2 MPH)
Batting: LHB Jon Valdez 0-0: Called Strike
0-1: Ball
Pickoff Throw to First - Out! 1-3 CS
Top of the 5th over - 0 runs, 1 hit, 0 errors, 0 left on base; Louisiana State University 1 - University of Conneticut 2
BOTTOM OF THE 5TH
University of Conneticut Huskies batting - Pitching for Louisiana State University Tigers : RHP D.J. Ganz
Batting: LHB Omar Alba 0-0: Swinging Strike
0-1: Ball
1-1: TRIPLE (Line Drive, 89XD, EV 105.0 MPH)
Pinch Runner at 3rd Victor Nava:
Batting: RHB Jack Vokey 0-0: Ball
1-0: Ball
2-0: Foul Ball, location: 2F
2-1: Called Strike
2-2: Strikes out swinging
Batting: RHB Jordan Nicholas 0-0: Called Strike
0-1: Swinging Strike
0-2: Ball
1-2: SINGLE (Groundball, 6MD, EV 95.6 MPH)
Victor Nava scores
Batting: LHB Greg James 0-0: Ball
1-0: Ball
2-0: Fly out, F9 (Line Drive, 89S, EV 89.4 MPH)
Pitching: RHP Jessie Amann
Batting: LHB Hector Acosta 0-0: Ball
Jordan Nicholas steals 2nd base
1-0: Ball
2-0: Ball
3-0: Base on Balls
Batting: LHB Andrew Barzee 0-0: Ball
1-0: Fly out, F8 (Line Drive, 8RM, EV 95.6 MPH)
Bottom of the 5th over - 1 run, 2 hits, 0 errors, 2 left on base; Louisiana State University 1 - University of Conneticut 3
TOP OF THE 6TH
Louisiana State University Tigers batting - Pitching for University of Conneticut Huskies : RHP Danny Velasquez
Now in CF: Victor Nava
Batting: LHB Jon Valdez 0-0: Called Strike
0-1: Ball
1-1: Ball
2-1: Foul Ball, location: 2F
2-2: Ball
3-2: SINGLE (Groundball, 56D, EV 100.0 MPH)
Batting: RHB Winston Vasquez 0-0: SINGLE (Line Drive, 7S, EV 111.2 MPH)
Jon Valdez to second
Batting: LHB Elijah Mallandain 0-0: Foul Ball, location: 2F
0-1: Ball
1-1: Swinging Strike
1-2: Foul Ball, location: 2F
1-2: TRIPLE (Line Drive, 8RXD, EV 109.4 MPH)
Jon Valdez scores
Winston Vasquez scores
Pitching: LHP Jesus Cordero
Batting: LHB Manny Grado 0-0: SINGLE (Line Drive, 7S, EV 100.0 MPH)
Elijah Mallandain scores
Batting: RHB Leo Roldan 0-0: Ball
1-0: Swinging Strike
1-1: Ball
2-1: Fielders Choice at 2nd, 5-4 (Groundball, 5, EV 80.6 MPH)
Batting: LHB Matt Ellington 0-0: Ball
1-0: Foul Ball, location: 2F
1-1: Ball
2-1: Fielders Choice at 2nd, 4-6 (Groundball, 4M, EV 109.4 MPH)
Batting: SHB Brian Caruso 0-0: Foul Ball, location: 2F
0-1: Swinging Strike
0-2: Ball
1-2: Ball
2-2: Fly out, F4 (Popup, 34S, EV 76.9 MPH)
Top of the 6th over - 3 runs, 4 hits, 0 errors, 1 left on base; Louisiana State University 4 - University of Conneticut 3
BOTTOM OF THE 6TH
University of Conneticut Huskies batting - Pitching for Louisiana State University Tigers : RHP Jessie Amann
Batting: RHB Victor Ramos 0-0: Ground out 5-3 (Groundball, 25, EV 83.1 MPH)
Batting: RHB Cullen Elliott 0-0: Ball
1-0: Called Strike
1-1: Foul Ball, location: 2F
1-2: Foul Ball, location: 2F
1-2: Reached on error, E4 (Groundball, 4, EV 76.9 MPH)
Batting: RHB Matthew Lanford 0-0: Ball
1-0: Called Strike
1-1: Ball
Passed Ball!
Cullen Elliott to second
2-1: Ball
3-1: Foul Ball, location: 2F
3-2: Base on Balls
Batting: RHB Victor Nava 0-0: Ball
1-0: Ball
2-0: Foul Ball, location: 2F
2-1: Fly out, F8 (Flyball, 89M, EV 93.1 MPH)
Batting: RHB Jack Vokey 0-0: Fly out, F7 (Flyball, 7LM, EV 83.1 MPH)
Bottom of the 6th over - 0 runs, 0 hits, 1 error, 2 left on base; Louisiana State University 4 - University of Conneticut 3
TOP OF THE 7TH
Louisiana State University Tigers batting - Pitching for University of Conneticut Huskies : LHP Jesus Cordero
Pitching: RHP Tony de Anda
Batting: RHB Byung-hee Jee 0-0: Ball
1-0: Called Strike
1-1: Foul Ball, location: 2F
1-2: Foul Ball, location: 2F
1-2: Ball
2-2: Ground out 5-3 (Groundball, 56S, EV 71.9 MPH)
Batting: RHB D.J. Ganz 0-0: Ground out 5-3 (Groundball, 56, EV 96.2 MPH)
Batting: LHB Jon Valdez 0-0: Ball
1-0: Foul Ball, location: 2F
1-1: Foul Ball, location: 2F
1-2: Foul Ball, location: 2F
1-2: Ground out 6-3 (Groundball, 6, EV 85.6 MPH)
Top of the 7th over - 0 runs, 0 hits, 0 errors, 0 left on base; Louisiana State University 4 - University of Conneticut 3
BOTTOM OF THE 7TH
University of Conneticut Huskies batting - Pitching for Louisiana State University Tigers : RHP Jessie Amann
Pitching: RHP Brian Hilbert
Batting: RHB Jordan Nicholas 0-0: Ball
1-0: Foul Ball, location: 2F
1-1: Swinging Strike
1-2: Strikes out looking
Batting: LHB Greg James 0-0: Called Strike
0-1: SINGLE (Groundball, 4MD, EV 102.5 MPH)
Batting: LHB Hector Acosta 0-0: Fielders Choice at 2nd, 3-6 (Groundball, 3, EV 79.4 MPH)
Batting: LHB Andrew Barzee 0-0: Hit by Pitch
Hector Acosta to second
Batting: RHB Victor Ramos 0-0: Ball
1-0: Ball
2-0: Ball
3-0: Called Strike
3-1: Called Strike
3-2: Base on Balls
Hector Acosta to third
Andrew Barzee to second
Batting: RHB Cullen Elliott 0-0: SINGLE (Groundball, 56D, EV 111.9 MPH)
Hector Acosta scores
Andrew Barzee to third
Victor Ramos to second
Runner from 3rd tries for Home, SAFE, throw by LF to home
Batting: RHB Matthew Lanford 0-0: Ball
1-0: Called Strike
1-1: Foul Ball, location: 2F
1-2: Ball
2-2: Ball
3-2: SINGLE (Groundball, 6MD, EV 96.9 MPH)
Victor Ramos to third
Cullen Elliott to second
Victor Ramos scores
Cullen Elliott to third
Pitching: RHP Sal Ganzalez
Batting: RHB Victor Nava 0-0: Ball
1-0: Swinging Strike
1-1: SINGLE (Flyball, 89S, EV 91.9 MPH)
Cullen Elliott scores
Matthew Lanford to second
Batting: RHB Jack Vokey 0-0: Foul Ball, location: 2F
0-1: DOUBLE (Groundball, 5L, EV 103.8 MPH)
Matthew Lanford scores
Victor Nava to third
Runner from 3rd tries for Home, SAFE, no throw by LF
Batting: RHB Jordan Nicholas 0-0: Called Strike
0-1: Ball
1-1: Fly out, F9 (Line Drive, 9, EV 95.0 MPH)
Bottom of the 7th over - 6 runs, 5 hits, 0 errors, 1 left on base; Louisiana State University 4 - University of Conneticut 9
TOP OF THE 8TH
Louisiana State University Tigers batting - Pitching for University of Conneticut Huskies : RHP Tony de Anda
Batting: RHB Winston Vasquez 0-0: Called Strike
0-1: Ball
1-1: Ball
2-1: Foul Ball, location: 2F
2-2: Ball
3-2: Foul Ball, location: 2F
3-2: Foul Ball, location: 2F
3-2: Foul Ball, location: 2F
3-2: Foul Ball, location: 2F
3-2: Foul Ball, location: 2F
3-2: Fly out, F7 (Line Drive, 7S, EV 97.5 MPH)
Batting: LHB Elijah Mallandain 0-0: Ball
1-0: Ground out 5-3 (Groundball, 56S, EV 83.1 MPH)
Batting: LHB Manny Grado 0-0: Foul Ball, location: 2F
0-1: Ball
1-1: Foul Ball, location: 2F
1-2: Ball
2-2: Strikes out swinging, 2-3 out at first.
Top of the 8th over - 0 runs, 0 hits, 0 errors, 0 left on base; Louisiana State University 4 - University of Conneticut 9
BOTTOM OF THE 8TH
University of Conneticut Huskies batting - Pitching for Louisiana State University Tigers : RHP Sal Ganzalez
Batting: LHB Greg James 0-0: Fly out, F7 (Flyball, 7S, EV 77.5 MPH)
Batting: LHB Hector Acosta 0-0: Reached on error, E5 (Groundball, 5, EV 104.4 MPH)
Batting: LHB Andrew Barzee 0-0: Foul Ball, location: 2F
0-1: Ground out 4-3 (Groundball, 4, EV 83.8 MPH)
Hector Acosta to third
Batting: RHB Victor Ramos 0-0: Ball
1-0: Ground out 6-3 (Groundball, 6, EV 78.8 MPH)
Bottom of the 8th over - 0 runs, 0 hits, 1 error, 1 left on base; Louisiana State University 4 - University of Conneticut 9
TOP OF THE 9TH
Louisiana State University Tigers batting - Pitching for University of Conneticut Huskies : RHP Tony de Anda
Batting: RHB Leo Roldan 0-0: Called Strike
0-1: Ball
1-1: Ball
2-1: Ball
3-1: Ground out 4-3 (Groundball, 4M, EV 90.6 MPH)
Pinch Hitting: RHB Pete Roberts 0-0: Called Strike
0-1: Called Strike
0-2: Ball
1-2: Fly out, F9 (Flyball, 9LMF, EV 88.8 MPH)
Batting: SHB Brian Caruso 0-0: Called Strike
0-1: Ball
1-1: Swinging Strike
1-2: Ball
2-2: Strikes out swinging
Top of the 9th over - 0 runs, 0 hits, 0 errors, 0 left on base; Louisiana State University 4 - University of Conneticut 9
Thursday, December 15th , 2022 - OOTP Baseball 23.9 Build 102